 Dungeon Crawl Stone Soup version 0.30-a0-779-g7971cf19c3 (webtiles) character file.

Game seed: 17887694802561970029

137 dialectric the Slasher (level 5, 0/39 HPs)
             Began as a Demonspawn Gladiator on Feb 17, 2023.
             Slain by Blork the orc
             ... wielding a +0 dire flail
              (9 damage)
             ... on level 4 of the Dungeon.
             The game lasted 00:02:41 (2513 turns).

dialectric the Slasher (Demonspawn Gladiator)       Turns: 2513, Time: 00:02:41

Health: 0/39       AC:  3    Str: 16    XL:     5   Next: 0%
Magic:  5/5        EV: 12    Int:  9    God:
Gold:   187        SH:  5    Dex: 15    Spells: 4/4 levels left

rFire   . . .      SeeInvis .    a - +0 long sword
rCold   . . .      Faith    .    (no shield)
rNeg    . . .      Spirit   .    b - +0 leather armour
rPois   .          Reflect  +    (helmet restricted)
rElec   .          Harm     .    (no cloak)
rCorr   .          Rampage  .    (no gloves)
Will    .....                    (no boots)
Stlth   +                        p - amulet of reflection
HPRegen 0.26/turn                j - ring of flight
MPRegen 0.09/turn                (no ring)

@: flying
A: horns 1, condensation shield
a: no special abilities


You were on level 4 of the Dungeon.
You visited 1 branch of the dungeon, and saw 4 of its levels.

You collected 187 gold pieces.

Inventory:

Hand Weapons
 a - a +0 long sword (weapon)
Missiles
 e - 7 javelins (quivered)
 q - 7 poisoned darts
Armour
 b - a +0 leather armour (worn)
 c - a +0 helmet
Jewellery
 j - a ring of flight (left hand)
 p - an amulet of reflection (around neck)
Wands
 o - a wand of flame (16)
Scrolls
 g - a scroll of magic mapping {unknown}
 i - 3 scrolls of identify {unknown}
 m - 2 scrolls of enchant armour {unknown}
 n - a scroll of blinking {unknown}
 r - a scroll of brand weapon {unknown}
Potions
 f - a potion of attraction {unknown}
 h - a potion of flight {unknown}
 k - 2 potions of brilliance {unknown}
 l - 2 potions of curing
 s - a potion of invisibility {unknown}


   Skills:
 + Level 2.4 Fighting
 * Level 4.4 Long Blades
 - Level 1.7 Throwing
 + Level 1.2 Armour
 - Level 3.0 Dodging
 - Level 0.1 Stealth
 + Level 0.6 Shields


You had 4 spell levels left.
You didn't know any spells.
Your spell library contained the following spells:

 Spells                   Type           Power      Damage    Failure   Level
 Slow                     Hex            0%         N/A       45%         1
 Confusing Touch          Hex            0%         N/A       83%         3
 Vampiric Draining        Necr           0%         2d6       83%         3


Dungeon Overview and Level Annotations

Branches:
Dungeon (4/15)
 Temple: D:4-7

Altars:

Annotations:
D:4 2 transporters, Beavis's ghost, amateur DsHu; Blork the orc


Innate Abilities, Weirdness & Mutations

You have a pair of small horns on your head.
A meltable shield of frost defends you. (SH +0)


Message History

No target in view!
Blork the orc shouts!
Blork the orc gestures at you while chanting.
The puff of flame misses you.
Blork the orc is nearby!
Blork the orc gestures at you while chanting.
The puff of flame hits you.
Your condensation shield dissipates!
Blork the orc is nearby!
Blork the orc casts a spell at you. The magic dart hits you!
Found a +0 robe.
You barely miss Blork the orc. You headbutt Blork the orc.
Blork the orc is lightly wounded.
Blork the orc hits you with a +0 dire flail!
You are too injured to fight recklessly!
You are too injured to fight recklessly!
You are too injured to fight recklessly!
Aiming: Throw Flame
Press: ? - help, Shift-Dir - straight line, f - Blork the orc
Aim: Blork the orc, wielding a +0 dire flail and wearing the +1 robe of Fortitude {rN+ Str+3 Dex-3 Slay+2} (lightly wounded, 72% to hit)
The puff of flame hits Blork the orc.
Blork the orc is moderately wounded.
Blork the orc closely misses you.
Unknown command.
Okay, then.
Throw: 2 throwing nets
Press: ? - help, Q - select action, (/) - cycle Shift-Dir - straight line, f/p - Blork the orc
Aim: Blork the orc, wielding a +0 dire flail and wearing the +1 robe of Fortitude {rN+ Str+3 Dex-3 Slay+2} (moderately wounded, 63% to hit)
You throw a throwing net.
The throwing net barely misses Blork the orc.
Blork the orc hits you with a +0 dire flail!
* * * LOW HITPOINT WARNING * * *
Throw: throwing net
Press: ? - help, Q - select action, (/) - cycle Shift-Dir - straight line, f/p - Blork the orc
Aim: Blork the orc, wielding a +0 dire flail and wearing the +1 robe of Fortitude {rN+ Str+3 Dex-3 Slay+2} (moderately wounded, 63% to hit)
You throw a throwing net.
The throwing net closely misses Blork the orc.
Blork the orc hits you with a +0 dire flail!
You die...

#.##.###.##..#.......
#...................#
####.########.##..###
#.# ##.#.## #.# #..#
#.# ##'# ###.# ..
#...### #...#@..#
#.#..o...# #
##.(......'
#.#...#### #. ..## #.
.## #[ .# .. .#


You could see Blork the orc.

Vanquished Creatures
  An orc priest (D:3)
  5 adders
  An ufetubus (D:4)
  A dart slug (D:1)
  6 orcs (D:3)
  5 endoplasms
  3 giant cockroaches
  4 goblins
  2 hobgoblins (D:3)
  A quokka (D:1)
  5 ball pythons
  8 bats
  A frilled lizard (D:3)
  7 kobolds
  3 rats
53 creatures vanquished.

Notes
Turn   | Place    | Note
-------+----------+-------------------------------------------
     0 | D:1      | dialectric the Demonspawn Gladiator began the quest for the
                  | Orb.
     0 | D:1      | Reached XP level 1. HP: 16/16 MP: 1/1
   293 | D:1      | Gained mutation: A meltable shield of frost defends you.
                  | (SH +0) [demonic ancestry]
   293 | D:1      | Reached XP level 2. HP: 22/22 MP: 2/2
   319 | D:1      | Reached skill level 3 in Long Blades
   888 | D:2      | Reached XP level 3. HP: 27/27 MP: 3/3
  1646 | D:3      | Reached skill level 4 in Long Blades
  1646 | D:3      | Reached skill level 1 in Armour
  1646 | D:3      | Discovered your monstrous ancestry.
  1646 | D:3      | Gained mutation: You have a pair of small horns on your
                  | head. [demonic ancestry]
  1646 | D:3      | Reached XP level 4. HP: 33/33 MP: 4/4
  1938 | D:4      | Noticed Blork the orc
  2258 | D:4      | Found a transporter.
  2267 | D:4      | Found a transporter.
  2274 | D:4      | Noticed Beavis's ghost (amateur DsHu)
  2348 | D:4      | Reached XP level 5. HP: 39/39 MP: 5/5
  2505 | D:4      | Identified the +1 robe of Fortitude {rN+ Str+3 Dex-3
                  | Slay+2}
  2513 | D:4      | Slain by Blork the orc

Illustrated notes

Levels and vault maps discovered:
D:1:      roderic_dead_forest, layout_loops_ring
D:2:      layout_loops_ring
D:3:      layout_loops_cross
D:4:      layout_loops_corners, temple_hall, gammafunk_ghost_stat_death,
          uniq_blork_the_orc, uniq_sigmund

Skill      XL: |  1  2  3 |
---------------+----------+-----
Dodging        | 3 |  3.0
Long Blades    | 3 4 |  4.4
Armour         | 1 |  1.2
Fighting       | |  2.4
Throwing       | |  1.7
Stealth        | |  0.1
Shields        | |  0.6

Action                     |  1- 3 |  4- 6 || total
---------------------------+-------+-------++-------
  Melee: Long sword        |   144 |    31 ||   175
         Punch             |     5 |       ||     5
         Headbutt          |       |     5 ||     5
  Throw: Throwing net      |     1 |     4 ||     5
  Evoke: Wand              |       |     1 ||     1
    Use: Potion            |       |     1 ||     1
   Stab: Sleeping          |     1 |       ||     1
         Distracted        |       |     1 ||     1
 Armour: Leather armour    |    39 |     5 ||    44
  Dodge: Dodged            |    82 |    20 ||   102
  Block: Other             |    31 |    17 ||    48

Table legend: (Time is in decaauts)
 A = Elapsed time spent in this place.
 B = Non-inter-level travel time spent in this place.
 C = Inter-level travel time spent in this place.
 D = Time resting spent in this place.
 E = Time spent auto-exploring this place.
 F = Levels seen in this place.
 G = Mean time per level.
                   A        B        C        D        E       F      G
               +--------+--------+--------+--------+--------+-----+--------+
         Total |   2550 |   2447 |    103 |    227 |   1756 |   4 |  637.5 |
       Dungeon |   2550 |   2447 |    103 |    227 |   1756 |   4 |  637.5 |
               +--------+--------+--------+--------+--------+-----+--------+

Top non-repeatable levels by time:
     D:3: 973 daAuts
     D:1: 636 daAuts
     D:2: 603 daAuts
     D:4: 337 daAuts
